 Dungeon Crawl Stone Soup version 0.29-a0-96-g93358da72b (webtiles) character file.

Game seed: 14826582962912103276

496 Pandoramic the Sneak (level 7, 0/54 HPs)
             Began as a Vine Stalker Enchanter on Feb 12, 2022.
             Was a Plaything of Xom.
             Slain by Grinder the rust devil (12 damage)
             ... on level 4 of the Dungeon.
             The game lasted 00:58:50 (3977 turns).

Pandoramic the Sneak (Vine Stalker Enchanter)       Turns: 3977, Time: 00:58:51

Health: 0/54       AC: -28   Str: 10    XL:     7   Next: 15%
Magic:  0/14       EV:  2    Int: 15    God:    Xom [.....*]
Gold:   2          SH:  0    Dex: 17    Spells: 13/15 levels left

rFire   . . .      SeeInvis .   e - +1 halberd (chaos)
rCold   . . .      Faith    .   (shield currently unavailable)
rNeg    . . .      Spirit   +   (armour currently unavailable)
rPois   +          Reflect  .   (helmet currently unavailable)
rElec   .          Harm     .   (cloak currently unavailable)
rCorr   .          Rampage  .   (gloves currently unavailable)
Will    .....      NoTele   +   (boots currently unavailable)
Stlth   +++.......              d - amulet of regeneration
HPRegen 1.78/turn               (no ring)
MPRegen 0.14/turn               (no ring)

@: tree-form, corroded
A: stationary, stasis, torment immunity, boosted hp, (fangs 2), regeneration 1,
magic shield, (antimagic bite), no potion heal 2
a: Renounce Religion


You were on level 4 of the Dungeon.
You worshipped Xom.
You were Xom's teddy bear.
You were a tree.
You visited 1 branch of the dungeon, and saw 4 of its levels.

You collected 77 gold pieces.
You spent 75 gold pieces at shops.

Inventory:

Hand Weapons
 a - a +1 dagger
 e - a +1 halberd of chaos (weapon)
 m - the +0 spear "Ogilolah" {freeze, Dex+6 Stlth+}
   (You found it on level 3 of the Dungeon)

   It freezes those it strikes, dealing additional cold damage.
   It can also slow down cold-blooded creatures.
   Dex:       It affects your dexterity (+6).
   Stlth:     It makes you more stealthy.
Missiles
 n - 22 stones (quivered)
Armour
 b - a +1 robe
 j - the +3 leather armour "Niegh" (melded) {Str+4 Int+2 Dex-3}
   (You found it on level 2 of the Dungeon)

   Str:       It affects your strength (+4).
   Int:       It affects your intelligence (+2).
   Dex:       It affects your dexterity (-3).
 l - a +0 pair of gloves (melded)
Magical Staves
 f - a staff of earth
Jewellery
 d - an amulet of regeneration (around neck)
Scrolls
 i - a scroll of blinking
 q - a scroll of enchant weapon
Potions
 h - a potion of lignification


   Skills:
 * Level 3.4 Fighting
 - Level 0.8 Short Blades
 + Level 1.6 Polearms
 + Level 2.6 Dodging
 + Level 5.2 Stealth
 * Level 4.5 Spellcasting
 - Level 3.0 Hexes


You had 13 spell levels left.
You knew the following spells:

 Your Spells              Type           Power      Damage    Failure   Level
a - Ensorcelled Hibernat  Hex/Ice        14%        N/A       14%         2

Your spell library contained the following spells:

 Spells                   Type           Power      Damage    Failure   Level
 Confusing Touch          Hex            12%        N/A       16%         3
 Tukima's Dance           Hex            12%        N/A       16%         3
 Animate Skeleton         Necr           6%         N/A       17%         1
 Pain                     Necr           12%        1d4       17%         1
 Dazzling Flash           Conj/Hex       14%        N/A       28%         3
 Gell's Gravitas          Tloc           3%         N/A       45%         3
 Lesser Beckoning         Tloc           3%         N/A       45%         3
 Teleport Other           Tloc           3%         N/A       45%         3
 Vampiric Draining        Necr           3%         2d6       45%         3


Dungeon Overview and Level Annotations

Branches:
Dungeon (4/15)
 Temple: D:4-7

Altars:
Makhleb
Uskayaw
Vehumet
Xom
Zin

Shops:
D:3 ?

Annotations:
D:4 Grinder


Innate Abilities, Weirdness & Mutations

You are a tree.
Your roots penetrate the ground, keeping you stationary.
You cannot be teleported.
You are immune to unholy pain and torment.
Your maximum health is greatly increased.
Your equipment is partially melded.
((You have extremely sharp teeth.))
Your natural rate of healing is unusually fast.
When hurt, damage is shared between your health and your magic reserves.
((Your bite disrupts and absorbs the magic of your enemies.))
Potions cannot restore your health.


Message History

Grinder is severely wounded.
Grinder is lost in a daze.
Grinder hits you! Grinder corrodes you! Grinder hits you. Grinder corrodes you!
You hit Grinder but do no damage.
Grinder seems to grow stronger.
Grinder is severely wounded.
Grinder stops moving altogether!
Grinder fails to defend itself.
You hit Grinder but do no damage.
Xom is amused.
Nothing appears to happen.
Grinder is severely wounded.
Grinder is no longer dazed.
Grinder fails to defend itself.
You hit Grinder but do no damage.
Grinder is severely wounded.
Grinder fails to defend itself.
You hit Grinder but do no damage.
Grinder resists with almost no effort.
Grinder is severely wounded.
Grinder fails to defend itself.
You hit Grinder but do no damage.
Grinder suddenly seems more agile.
Grinder is severely wounded.
Grinder fails to defend itself.
You hit Grinder but do no damage.
Grinder is severely wounded.
Okay, then.
Grinder fails to defend itself.
You hit Grinder but do no damage.
Grinder is severely wounded.
Grinder is no longer petrified.
Grinder hits you! Grinder corrodes you! Grinder hits you!
* * * LOW HITPOINT WARNING * * *
Grinder corrodes you! Grinder hits you.
* * * LOW HITPOINT WARNING * * *
Grinder corrodes you!
You hit Grinder but do no damage.
Grinder is severely wounded.
Grinder hits you!
* * * LOW HITPOINT WARNING * * *
Grinder corrodes you! Grinder completely misses you.
You closely miss Grinder.
Grinder is severely wounded.
Grinder hits you!
You die...
Xom is highly amused!

#.#.$.$.#.#
#.#$....#.# ##
+.#.._..#.## #.
#.#.$$..#..# #.
#.#..$..#..##########.
+.#######.........h...
#........[#####)######
#...4♣..# #.#
###$..#.# #.# #...#.##
#.# #...#..# #h#
######.# #.#
#.######.# #........#
##.......# #.......#


You could see Grinder the rust devil (fast, strong, agile, poisoned).

Vanquished Creatures
  A yaktaur (D:4)
  An orc priest (D:4)
  An iguana (D:4)
  5 gnolls
  5 adders
  3 worms (D:2)
  2 dart slugs
  2 orcs
  3 bats
  6 endoplasms (D:2)
  4 giant cockroaches
  5 goblins
  8 hobgoblins
  6 jackals
  3 quokkas (D:2)
  8 ball pythons
  A frilled lizard (D:1)
  5 kobolds
  5 rats
74 creatures vanquished.

Vanquished Creatures (others)
  4 fungi (D:1)
  4 plants (D:1)
8 creatures vanquished.

Grand Total: 82 creatures vanquished

Notes
Turn   | Place    | Note
-------+----------+-------------------------------------------
     0 | D:1      | Pandoramic the Vine Stalker Enchanter began the quest for
                  | the Orb.
     0 | D:1      | Reached XP level 1. HP: 9/9 MP: 4/4
   581 | D:1      | Reached XP level 2. HP: 14/14 MP: 6/6
   686 | D:1      | Reached skill level 1 in Fighting
   738 | D:1      | Found a faded altar of an unknown god.
   741 | D:1      | Prayed at the altar of an unknown god.
   741 | D:1      | Became a worshipper of Xom of Chaos
   752 | D:1      | XOM: silly message
   992 | D:1      | XOM: divination: magic mapping
   993 | D:1      | Reached skill level 4 in Stealth
   993 | D:1      | Reached XP level 3. HP: 17/18 MP: 7/7
  1116 | D:2      | You fall into a shaft and drop 1 floor!
  1116 | D:3      | Found a radiant altar of Vehumet.
  1287 | D:2      | Learned a level 2 spell: Ensorcelled Hibernation
  1307 | D:2      | Gained mutation: Your natural rate of healing is unusually
                  | fast. [Vine Stalker growth]
  1307 | D:2      | Reached XP level 4. HP: 23/23 MP: 4/9
  1459 | D:2      | Identified the +3 leather armour "Niegh" {Str+4 Int+2
                  | Dex-3}
  1732 | D:2      | XOM: butterfly on damage
  1803 | D:2      | XOM: 4-stop teleportation journey
  2128 | D:1      | XOM: confusion (+ monsters)
  2131 | D:1      | XOM: chaos upgrade
  2146 | D:1      | XOM: butterfly on damage
  2155 | D:1      | XOM: silly message
  2185 | D:1      | Reached XP level 5. HP: 26/26 MP: 1/11
  2773 | D:3      | Identified the +0 spear "Ogilolah" {freeze, Dex+6 Stlth+}
  2872 | D:3      | XOM: summons 1 hostile demon
  3229 | D:3      | Found a glowing silver altar of Zin.
  3313 | D:3      | Found Jyohuen's Magic Scroll Shop.
  3326 | D:3      | Bought a scroll of enchant weapon for 75 gold pieces
  3546 | D:3      | Found a hide-covered altar of Uskayaw.
  3634 | D:3      | XOM: god gift: cyan potion {god gift}
  3759 | D:4      | Reached XP level 6. HP: 32/32 MP: 5/12
  3818 | D:4      | Noticed a black bear
  3820 | D:4      | XOM: cast spell 'Alistair's Intoxication'
  3823 | D:4      | Reached skill level 1 in Polearms
  3841 | D:4      | Noticed a black mamba
  3841 | D:4      | a black bear changed into a black mamba
  3841 | D:4      | XOM: polymorph black bear -> black mamba
  3846 | D:4      | Noticed a yaktaur
  3846 | D:4      | a black mamba changed into a yaktaur
  3846 | D:4      | XOM: polymorph black mamba -> yaktaur
  3876 | D:4      | Killed a yaktaur
  3877 | D:4      | Reached skill level 5 in Stealth
  3877 | D:4      | Reached XP level 7. HP: 25/36 MP: 5/14
  3949 | D:4      | Found a burning altar of Makhleb.
  3951 | D:4      | Noticed Grinder
  3952 | D:4      | XOM: enchant monster (bad)
  3955 | D:4      | Noticed Grinder
  3955 | D:4      | Grinder changed into Grinder the rust devil
  3955 | D:4      | XOM: polymorph Grinder -> Grinder the rust devil
  3967 | D:4      | XOM: enchant monster (good)
  3977 | D:4      | Slain by Grinder the rust devil

Illustrated notes

Levels and vault maps discovered:
D:1:      scummos_arrival_simple_fountains, layout_loops_corners,
          shapermc_ecumenical_altar_mp_urbaneastern
D:2:      layout_loops_ring, minmay_close_crescents
D:3:      layout_basic, lemuel_tele_altar, nicolae_uskayaw_suspiria,
          zin_treasury, serial_shops, nicolae_lakefront_shop, st_stairs_7
D:4:      layout_basic, amcnicky_altar_gilded, minmay_misc_feat_square,
          nrook_mini_backslash, uniq_grinder

Skill      XL: |  1  2  3  4  5  6 |
---------------+-------------------+-----
Fighting       | 1 2 3 |  3.4
Stealth        | 4 5 |  5.2
Spellcasting   | 3 4 |  4.5
Dodging        | 2 |  2.6
Polearms       | 1 |  1.6
Short Blades   | |  0.8
Hexes          | |  3.0

Action                   |  1- 3 |  4- 6 |  7- 9 || total
-------------------------+-------+-------+-------++-------
Melee: Dagger            |    83 |   112 |       ||   195
       Bite              |    23 |    39 |       ||    62
       Punch             |     1 |     2 |       ||     3
       Spear             |       |    54 |     4 ||    58
       Halberd           |       |       |    17 ||    17
Throw: Throwing net      |       |     2 |       ||     2
 Cast: Ensorcelled Hiber |     2 |    27 |       ||    29
  Use: Scroll            |     1 |     4 |     2 ||     7
       Potion            |       |     5 |     1 ||     6
 Stab: Sleeping          |    11 |    12 |       ||    23
       Distracted        |       |     2 |       ||     2
       Held in net/web   |       |     2 |       ||     2
       Petrified         |       |       |     6 ||     6
Armor: Robe              |     8 |    17 |       ||    25
       Leather armour    |       |     5 |       ||     5
       Skin              |       |     5 |     6 ||    11
Dodge: Dodged            |    44 |    80 |     2 ||   126

Table legend: (Time is in decaauts)
 A = Elapsed time spent in this place.
 B = Non-inter-level travel time spent in this place.
 C = Inter-level travel time spent in this place.
 D = Time resting spent in this place.
 E = Time spent auto-exploring this place.
 F = Levels seen in this place.
 G = Mean time per level.
                   A        B        C        D        E       F      G
               +--------+--------+--------+--------+--------+-----+--------+
         Total |   3967 |   3786 |    181 |    869 |    629 |   4 |  991.8 |
       Dungeon |   3967 |   3786 |    181 |    869 |    629 |   4 |  991.8 |
               +--------+--------+--------+--------+--------+-----+--------+

Top non-repeatable levels by time:
     D:1: 1553 daAuts
     D:3: 1103 daAuts
     D:2: 1001 daAuts
     D:4: 309 daAuts
